 Dungeon Crawl Stone Soup version 0.31-a0-1388-g4b2ba238e7 (webtiles) character file.

Game seed: 5007041226011688370

149 BigPumpCobain the Changeling (level 5, 0/41 HPs)
             Began as a Merfolk Shapeshifter on Dec 25, 2023.
             Succumbed to Crazy Yiuf's poison
             ... on level 3 of the Dungeon.
             The game lasted 00:03:48 (2228 turns).

BigPumpCobain the Changeling (Merfolk Shapeshifter) Turns: 2228, Time: 00:03:48

Health: 0/41       AC:  3    Str: 17    XL:     5   Next: 31%
Magic:  5/5        EV: 12    Int:  9    God:
Gold:   114        SH:  0    Dex: 13    Spells: 4/4 levels left

rFire   . . .        l - +0 whip (elec)
rCold   . . .        (no shield)
rNeg    . . .        a - +1 animal skin
rPois   .            (helmet currently unavailable)
rElec   .            (cloak currently unavailable)
rCorr   .            (gloves currently unavailable)
SInv    .            (boots currently unavailable)
Will    .....        (no amulet)
Stlth   +            g - +4 ring of slaying
HPRegen 0.26/turn    (no ring)
MPRegen 0.09/turn

%: no passive effects
@: lethally poisoned (0 -> -3), beast-form
A: beast (slay +3), (nimble swimmer 2), mertail
a: Begin Untransformation


You were on level 3 of the Dungeon.
You were a hulking beast.
You visited 1 branch of the dungeon, and saw 3 of its levels.

You collected 114 gold pieces.

Inventory:

Hand Weapons
 e - a +1 dagger of flaming
 l - a +0 whip of electrocution (weapon)
Missiles
 j - a throwing net
Armour
 a - a +1 animal skin (worn)
Jewellery
 g - a +4 ring of slaying (left hand)
Talismans
 c - a beast talisman
 d - a flux talisman
Wands
 r - a wand of acid (3)
 s - a wand of charming (9)
Scrolls
 i - a scroll of blinking
 m - 2 scrolls of vulnerability
 n - a scroll of revelation
 o - a scroll of amnesia {unknown}
 q - a scroll of torment
 u - a scroll of fear {unknown}
Potions
 b - a potion of lignification
 f - a potion of curing
 h - a potion of heal wounds {unknown}
 k - a potion of mutation {unknown}
 p - a potion of degeneration {unknown}
 t - a potion of berserk rage {unknown}


   Skills:
 + Level 3.3 Fighting
 - Level 2.6 Dodging
 + Level 4.5 Unarmed Combat
 + Level 5.2 Shapeshifting


You had 4 spell levels left.
You didn't know any spells.
Your spell library contained the following spells:

 Spells                   Type           Power      Damage    Failure   Level
 Slow                     Hex            0%         N/A       38%         1
 Confusing Touch          Hex            0%         N/A       77%         3
 Frozen Ramparts          Ice            0%         1d1       77%         3
 Sigil of Binding         Hex            0%         N/A       77%         3
 Vampiric Draining        Necr           0%         2d6       77%         3
 Anguish                  Hex/Necr       0%         N/A       99%         4
 Cause Fear               Hex            0%         N/A       99%         4
 Leda's Liquefaction      Alch/Erth      0%         N/A       99%         4
 Petrify                  Alch/Erth      0%         N/A       99%         4
 Metabolic Englaciation   Hex/Ice        0%         N/A       100%        5
 Enfeeble                 Hex            0%         N/A       100%        7


Dungeon Overview and Level Annotations

Branches:
Dungeon (3/15)

Altars:

Annotations:
D:3 Crazy Yiuf


Innate Abilities, Weirdness & Mutations

You are a hulking beast.
Your limbs bulge with bestial killing power. (Slay +3)
((You are very nimble when in or above water. (Stealth+, EV+, Speed+++)))
Your lower body shifts to a powerful aquatic tail in water.


Message History

There is an open door here.
There is a stone staircase leading down here.
Found a stone staircase leading up.
There is a stone staircase leading up here.
Items here: ( ))) [[.
Things that are here:
a +0 whip; a +0 ring mail
There is an open door here.
There is an open door here.
Partly explored, can't reach some places.
Partly explored, can't reach some places.
Partly explored, can't reach some places.
You hit the fungus but do no damage. You whack the fungus!
The fungus begins to die.
The fungus is lightly damaged.
You hit the fungus.
The fungus is lightly damaged.
You hit the fungus.
The fungus is lightly damaged.
A nearby fungus withers and dies.
You swing at nothing.
You swing at nothing.
Found a hammer.
Found a runed translucent door.
Crazy Yiuf shouts!
You open the door. You hit Crazy Yiuf.
Crazy Yiuf is moderately wounded.
Crazy Yiuf hits you with a +4 quarterstaff of chaos!
You are poisoned.
You hit Crazy Yiuf.
Crazy Yiuf is heavily wounded.
You feel sick.
Crazy Yiuf zaps a wand.
The puff of flame hits you!
You closely miss Crazy Yiuf.
Crazy Yiuf is heavily wounded.
You feel sick.
Crazy Yiuf hits you with a +4 quarterstaff of chaos!
* * * LOW HITPOINT WARNING * * *
You whack Crazy Yiuf!
Crazy Yiuf is almost dead.
You die...

.# #..#### .# ##.####. .#
##..###.8 .##### #..###...
.....##### #.#..'... ..##.....#
###.##... ...####### ###
♣♣##....##.8 .#.# #..# #)..#♣♣
♣♣P.#..#####. ##.####.##
#...gh♣♣♣♣PP....# ## ........#
#...#♣..♣.♣P...## # ##.###### ###
♣♣♣.♣...### ##<### ♣♣♣♣♣##
###..##### ####.....## ########
#.######..# #.##...##########
...##.....#######.####..##.......
....###..............>.....#####.


You could see Crazy Yiuf.

Vanquished Creatures
  An orc priest (D:3)
  Ijyb (D:3)
  3 adders (D:3)
  A dart slug (D:1)
  3 orcs (D:3)
  3 ball pythons
  5 endoplasms
  3 giant cockroaches
  5 goblins
  5 hobgoblins
  5 quokkas
  11 bats
  A frilled lizard (D:2)
  5 kobolds
  6 rats
58 creatures vanquished.

Notes
Turn   | Place    | Note
-------+----------+-------------------------------------------
     0 | D:1      | BigPumpCobain the Merfolk Shapeshifter began the quest for
                  | the Orb.
     0 | D:1      | Reached XP level 1. HP: 15/15 MP: 1/1
   212 | D:1      | Reached XP level 2. HP: 16/21 MP: 2/2
   530 | D:1      | Reached XP level 3. HP: 27/27 MP: 3/3
  1546 | D:3      | Reached XP level 4. HP: 34/34 MP: 4/4
  1576 | D:3      | Reached skill level 5 in Shapeshifting
  1765 | D:3      | Noticed Ijyb
  1774 | D:3      | Killed Ijyb
  1775 | D:3      | Reached XP level 5. HP: 35/41 MP: 5/5
  2220 | D:3      | Found a runed translucent door.
  2221 | D:3      | Noticed Crazy Yiuf
  2227 | D:3      | HP: 1/41 [Crazy Yiuf/+4 quarterstaff of chaos (14)]
  2228 | D:3      | Succumbed to Crazy Yiuf's poison

Illustrated notes

Levels and vault maps discovered:
D:1:      dpeg_arrival_stonehenge_8_columns, layout_loops_ring, minmay_unequal
D:2:      layout_loops_ring
D:3:      layout_rooms, dk_noncrumbling_3, roderic_batcave, uniq_ijyb,
          uniq_crazy_yiuf_cottage

Skill      XL: |  1  2  3  4 |
---------------+-------------+-----
Fighting       | 2 3 |  3.3
Unarmed Combat | 4 |  4.5
Shapeshifting  | 5 |  5.2
Dodging        | |  2.6

Action                     |  1- 3 |  4- 6 || total
---------------------------+-------+-------++-------
  Melee: Unarmed           |    43 |       ||    43
         Punch             |     5 |       ||     5
         Whip              |    63 |    31 ||    94
    Use: Scroll            |     3 |     3 ||     6
   Stab: Distracted        |     1 |       ||     1
         Sleeping          |     1 |       ||     1
 Armour: Animal skin       |    58 |    17 ||    75
  Dodge: Dodged            |    70 |    14 ||    84

Table legend: (Time is in decaauts)
 A = Elapsed time spent in this place.
 B = Non-inter-level travel time spent in this place.
 C = Inter-level travel time spent in this place.
 D = Time resting spent in this place.
 E = Time spent auto-exploring this place.
 F = Levels seen in this place.
 G = Mean time per level.
                   A        B        C        D        E       F      G
               +--------+--------+--------+--------+--------+-----+--------+
         Total |   2231 |   2216 |     15 |    114 |   1690 |   3 |  743.7 |
       Dungeon |   2231 |   2216 |     15 |    114 |   1690 |   3 |  743.7 |
               +--------+--------+--------+--------+--------+-----+--------+

Top non-repeatable levels by time:
     D:3: 845 daAuts
     D:1: 728 daAuts
     D:2: 656 daAuts
